[Event "ROU-chT 1st League 2019"]
[Site "Mamaia"]
[Date "2019.09.27"]
[Round "7.10"]
[White "Murariu, Andrei"]
[Black "Cosma, Ioan"]
[Result "1/2-1/2"]
[ECO "B63"]
[WhiteElo "2495"]
[BlackElo "2394"]
[Annotator "ChessBase"]
[PlyCount "101"]
[EventDate "2019.09.21"]
[EventType "team-tourn"]
[EventCountry "ROU"]
[SourceTitle "playchess.com"]
[Source "ChessBase"]
[SourceQuality "1"]
[TimeControl "40/5400+30:1800+30"]

1. e4 c5 2. Nf3 Nc6 3. d4 cxd4 4. Nxd4 Nf6 5. Nc3 d6 6. Bg5 e6 7. Qd2 Be7 8. O-O-O O-O 9. f3 a6 10. h4 Qc7 11. Kb1 Rd8 12. g4 Nxd4 13. Qxd4 b5 14. Be3 Rb8 15. g5 b4 16. Ne2 Nh5 17. f4 a5 18. Bg2 e5 19. Qd2 Bg4 20. Rhe1 d5 21. exd5 exf4 22. Bxf4 Nxf4 23. Nxf4 Bxd1 24. Rxd1 Bd6 25. Nd3 Re8 26. h5 a4 27. g6 hxg6 28. hxg6 fxg6 29. Bh3 Qf7 30. Be6 Rxe6 31. dxe6 Qxe6 32. Nf4 Bxf4 33. Qxf4 Rb5 34. Qf3 a3 35. Qb3 Qxb3 36. axb3 axb2 37. Kxb2 g5 38. Rg1 Kf7 39. c3 Kg6 40. cxb4 Rxb4 41. Kc3 Rf4 42. b4 g4 43. b5 Kg5 44. b6 Rf3+ 45. Kc4 Rf2 46. Rb1 Rf8 47. b7 g3 48. b8=Q Rxb8 49. Rxb8 g2 50. Rb1 Kf4 51. Kd5 {[%emt 0:00:10] Ke4+} 1/2-1/2

[Event "ROU-chT 1st League 2019"]
[Site "Mamaia"]
[Date "2019.09.27"]
[Round "7.11"]
[White "Itkis, Boris"]
[Black "Filip, Lucian-Ioan"]
[Result "1/2-1/2"]
[ECO "E15"]
[WhiteElo "2323"]
[BlackElo "2419"]
[Annotator "NA"]
[PlyCount "22"]
[EventDate "2019.09.21"]
[EventType "team-tourn"]
[EventCountry "ROU"]
[SourceTitle "playchess.com"]
[Source "ChessBase"]
[SourceQuality "1"]
[TimeControl "40/5400+30:1800+30"]

1. d4 Nf6 2. c4 e6 3. Nf3 b6 4. g3 Bb4+ 5. Bd2 Bxd2+ 6. Qxd2 Ba6 7. b3 c6 8. Bg2 d5 9. Ne5 Nfd7 10. Nxd7 Nxd7 11. O-O O-O 1/2-1/2

[Event "ROU-chT 1st League 2019"]
[Site "Mamaia"]
[Date "2019.09.27"]
[Round "7.12"]
[White "Ognean, Mihnea-Ionut"]
[Black "Ileana, George"]
[Result "0-1"]
[ECO "B90"]
[WhiteElo "2285"]
[BlackElo "2349"]
[Annotator "NA"]
[PlyCount "82"]
[EventDate "2019.09.21"]
[EventType "team-tourn"]
[EventCountry "ROU"]
[SourceTitle "playchess.com"]
[Source "ChessBase"]
[SourceQuality "1"]
[TimeControl "40/5400+30:1800+30"]

1. e4 c5 2. Nf3 d6 3. d4 cxd4 4. Nxd4 Nf6 5. Nc3 a6 6. Be3 e5 7. Nb3 Be6 8. f3 Be7 9. Qd2 h5 10. Nd5 Nxd5 11. exd5 Bf5 12. Be2 Nd7 13. O-O a5 14. a4 Qc7 15. Rac1 b6 16. Bb5 O-O 17. c4 Nc5 18. Nxc5 bxc5 19. Rc3 Bg6 20. Rb3 Rab8 21. h3 f5 22. Bg5 f4 23. Bxe7 Qxe7 24. Qxa5 e4 25. Qd2 e3 26. Qe2 Bf5 27. a5 Ra8 28. Ra1 Bc8 29. Qe1 Rf5 30. Bc6 Ra7 31. h4 Rf8 32. Rb6 g5 33. b4 cxb4 34. c5 g4 35. cxd6 Qg7 36. fxg4 f3 37. gxf3 Bxg4 38. Ra2 Bxf3+ 39. Kh2 e2 40. Rxe2 Bxe2 41. d7 Bg4 0-1

[Event "ROU-chT 1st League 2019"]
[Site "Mamaia"]
[Date "2019.09.27"]
[Round "7.14"]
[White "Ciorgovean, Iustin"]
[Black "Gonda, Laszlo"]
[Result "0-1"]
[ECO "E32"]
[WhiteElo "2331"]
[BlackElo "2541"]
[Annotator "ChessBase"]
[PlyCount "66"]
[EventDate "2019.09.21"]
[EventType "team-tourn"]
[EventCountry "ROU"]
[SourceTitle "playchess.com"]
[Source "ChessBase"]
[SourceQuality "1"]
[TimeControl "40/5400+30:1800+30"]

1. d4 Nf6 2. c4 e6 3. Nc3 Bb4 4. Qc2 b6 5. e4 c5 6. d5 Qe7 7. Nge2 exd5 8. exd5 O-O 9. Bd2 d6 10. f3 Nbd7 11. O-O-O Re8 12. Ng3 Nf8 13. Bd3 a6 14. a3 Ba5 15. Kb1 Rb8 16. Nf5 Bxf5 17. Bxf5 b5 18. g4 b4 19. Na4 Qc7 20. axb4 Bxb4 21. Bc1 N6d7 22. g5 Ne5 23. Rdf1 Qa5 24. b3 Ned7 25. f4 Nb6 26. Nxb6 Bc3 27. Bb2 Bxb2 28. Kxb2 Qxb6 29. Bd3 Re3 30. Re1 Rh3 31. Ra1 Ng6 32. Ra3 Nxf4 33. Bf1 Rf3 0-1

[Event "ROU-chT 1st League 2019"]
[Site "Mamaia"]
[Date "2019.09.27"]
[Round "7.15"]
[White "Grigore, George-Gabriel"]
[Black "Barzanu, Iulian"]
[Result "1/2-1/2"]
[ECO "D27"]
[WhiteElo "2491"]
[BlackElo "2187"]
[Annotator "ChessBase"]
[PlyCount "82"]
[EventDate "2019.09.21"]
[EventType "team-tourn"]
[EventCountry "ROU"]
[SourceTitle "playchess.com"]
[Source "ChessBase"]
[SourceQuality "1"]
[TimeControl "40/5400+30:1800+30"]

1. d4 d5 2. c4 dxc4 3. Nf3 Nf6 4. e3 e6 5. Bxc4 c5 6. O-O a6 7. dxc5 Qxd1 8. Rxd1 Bxc5 9. Nbd2 Nc6 10. Be2 O-O 11. Ne1 Rd8 12. Nd3 Bd6 13. Nc4 Bc7 14. Bf3 Rb8 15. Bxc6 bxc6 16. b3 Ne4 17. Bb2 f6 18. Rac1 Rb5 19. f3 Nc5 20. Nf2 Rxd1+ 21. Rxd1 Nb7 22. e4 Kf7 23. Bc3 a5 24. Nd3 Ke7 25. Nc1 Rh5 26. h3 Nd6 27. Bxa5 Rxa5 28. Rxd6 Rxa2 29. Rxc6 Ra7 30. Nb6 Bd7 31. Nxd7 Kxd7 32. Rc2 Ra1 33. Kf2 Rb1 34. Ke2 Bd6 35. Kd3 Ba3 36. Ne2 Rxb3+ 37. Rc3 Rxc3+ 38. Kxc3 Bc5 39. Kc4 Be3 40. Kd3 Bb6 41. Kc4 Be3 1/2-1/2

[Event "ROU-chT 1st League 2019"]
[Site "Mamaia"]
[Date "2019.09.27"]
[Round "7.17"]
[White "Szabo, Attila"]
[Black "Micu, Iulian"]
[Result "1/2-1/2"]
[ECO "E86"]
[WhiteElo "2239"]
[BlackElo "2165"]
[Annotator "NA"]
[PlyCount "45"]
[EventDate "2019.09.21"]
[EventType "team-tourn"]
[EventCountry "ROU"]
[SourceTitle "playchess.com"]
[Source "ChessBase"]
[SourceQuality "1"]
[TimeControl "40/5400+30:1800+30"]

1. c4 Nf6 2. Nc3 g6 3. d4 Bg7 4. e4 d6 5. f3 O-O 6. Be3 e5 7. Nge2 c6 8. d5 a6 9. Nc1 cxd5 10. cxd5 Nh5 11. Qd2 f5 12. Bd3 Nd7 13. N1e2 b6 14. O-O f4 15. Bf2 g5 16. b4 Nhf6 17. g4 h5 18. h3 Rf7 19. Rac1 Nf8 20. Na4 hxg4 21. hxg4 Rb8 22. Rc6 Bd7 23. Bxa6 1/2-1/2

[Event "ROU-chT 1st League 2019"]
[Site "Mamaia"]
[Date "2019.09.27"]
[Round "7.18"]
[White "Jiroveanu, George"]
[Black "Vasiesiu, Victor"]
[Result "1-0"]
[ECO "B24"]
[WhiteElo "2241"]
[BlackElo "2251"]
[Annotator "NA"]
[PlyCount "101"]
[EventDate "2019.09.21"]
[EventType "team-tourn"]
[EventCountry "ROU"]
[SourceTitle "playchess.com"]
[Source "ChessBase"]
[SourceQuality "1"]
[TimeControl "40/5400+30:1800+30"]

1. e4 c5 2. Nc3 Nc6 3. g3 g6 4. Bg2 Bg7 5. Nge2 d6 6. d3 e6 7. O-O Nge7 8. Be3 Nd4 9. Qd2 O-O 10. Rab1 Bd7 11. b4 Rb8 12. f4 b6 13. Bf2 a5 14. Nxd4 axb4 15. Nce2 cxd4 16. Qxb4 e5 17. Qxd6 Bg4 18. Qxd8 Rfxd8 19. Rfe1 f6 20. fxe5 fxe5 21. c4 Nc6 22. h3 Be6 23. Rb2 Bf8 24. Reb1 Bc5 25. Nc1 Ra8 26. Be1 Ra3 27. Rb3 Ra7 28. Rb5 Ra6 29. Kf1 Kf7 30. Bd2 Ke8 31. Ke2 Rd7 32. R5b2 Rf7 33. Nb3 Ba3 34. Rc2 Nb4 35. Bxb4 Bxb4 36. Nxd4 Rf2+ 37. Kxf2 Bc5 38. Bf3 Bxd4+ 39. Kg2 Ke7 40. Bg4 Bxg4 41. hxg4 Kf6 42. Rb3 Kg5 43. a3 Kxg4 44. Ra2 Ra7 45. a4 Rf7 46. Rb5 Rf3 47. Kh2 Rxd3 48. a5 bxa5 49. Rc2 a4 50. c5 Rb3 51. c6 1-0

[Event "ROU-chT 1st League 2019"]
[Site "Mamaia"]
[Date "2019.09.27"]
[Round "7.22"]
[White "Nastase, Robert-Paul"]
[Black "Pisu, Robert-Daniel"]
[Result "1-0"]
[ECO "B44"]
[WhiteElo "2280"]
[BlackElo "2244"]
[Annotator "NA"]
[PlyCount "131"]
[EventDate "2019.09.21"]
[EventType "team-tourn"]
[EventCountry "ROU"]
[SourceTitle "playchess.com"]
[Source "ChessBase"]
[SourceQuality "1"]
[TimeControl "40/5400+30:1800+30"]

1. e4 c5 2. Nf3 e6 3. d4 cxd4 4. Nxd4 Nc6 5. Nb5 d6 6. c4 Nf6 7. N5c3 Be7 8. g3 h5 9. h3 h4 10. g4 Nd7 11. Be2 g5 12. Be3 b6 13. Na3 a6 14. Qd2 Bb7 15. O-O-O Nce5 16. Rhf1 Nc5 17. f3 Ng6 18. Kb1 Rc8 19. Nc2 O-O 20. Rf2 e5 21. Nb4 Nf4 22. Bxf4 gxf4 23. Nbd5 Bg5 24. Bf1 Ne6 25. Na4 Bxd5 26. cxd5 Nd4 27. Bxa6 Rc2 28. Qxc2 Nxc2 29. Rxc2 Qa8 30. Bb5 Qa5 31. Nc3 Rb8 32. a3 Kg7 33. Ka2 Be7 34. b4 Qa7 35. Kb3 Rc8 36. Rdc1 Bd8 37. Na4 Rxc2 38. Rxc2 Qe7 39. Rc6 f5 40. gxf5 Qg5 41. Rxd6 Bf6 42. Nc3 Qg2 43. a4 Qxh3 44. a5 bxa5 45. bxa5 Qh1 46. Rd7+ Kh6 47. a6 Qa1 48. a7 Qa5 49. Bc6 h3 50. a8=Q Qxa8 51. Bxa8 h2 52. Rf7 Bh4 53. d6 h1=Q 54. Rf8 Kg7 55. Rc8 Qxf3 56. Rc7+ Kh6 57. d7 Qd3 58. Bd5 f3 59. f6 f2 60. d8=Q f1=Q 61. Qh8+ Kg5 62. Rg7+ Kf4 63. Qxh4+ Ke3 64. Rg3+ Kd4 65. Rxd3+ Qxd3 66. Qf2+ 1-0

[Event "ROU-chT 1st League 2019"]
[Site "Mamaia"]
[Date "2019.09.27"]
[Round "7.23"]
[White "Gilea, Lucian"]
[Black "Pop, Alexandru"]
[Result "1/2-1/2"]
[ECO "A46"]
[WhiteElo "2291"]
[BlackElo "2274"]
[Annotator "NA"]
[PlyCount "107"]
[EventDate "2019.09.21"]
[EventType "team-tourn"]
[EventCountry "ROU"]
[SourceTitle "playchess.com"]
[Source "ChessBase"]
[SourceQuality "1"]
[TimeControl "40/5400+30:1800+30"]

1. d4 Nf6 2. Nf3 d5 3. c4 e6 4. cxd5 exd5 5. Nc3 c6 6. Bg5 Bf5 7. Nh4 Be6 8. Nf3 Nbd7 9. Qc2 Bd6 10. e3 O-O 11. Bd3 Qc7 12. Bh4 h6 13. Bg3 Rae8 14. Bxd6 Qxd6 15. h3 b6 16. O-O g5 17. g4 c5 18. Bf5 Bxf5 19. Qxf5 Qe6 20. Qxe6 fxe6 21. Kg2 Re7 22. Rad1 Ref7 23. Ng1 h5 24. f3 Rd8 25. Nge2 Nf8 26. dxc5 bxc5 27. Na4 Rc8 28. Rc1 Rfc7 29. gxh5 Nxh5 30. Kf2 Kf7 31. Rc2 Nd7 32. Rg1 Kf6 33. Nec3 Nb6 34. Nxb6 axb6 35. Nb5 Rd7 36. Rg4 Ng7 37. h4 gxh4 38. Rxh4 Nf5 39. Rh1 Rg8 40. Rh2 Rdg7 41. Rd2 Rg1 42. e4 Ne7 43. Rh6+ R1g6 44. Rxg6+ Rxg6 45. Nc3 Ke5 46. f4+ Kxf4 47. exd5 Nxd5 48. Nxd5+ exd5 49. Rxd5 Ke4 50. Rd2 b5 51. Ke2 b4 52. Kd1 c4 53. Re2+ Kd3 54. Rd2+ 1/2-1/2

[Event "ROU-chT 1st League 2019"]
[Site "Mamaia"]
[Date "2019.09.27"]
[Round "7.24"]
[White "Ciorica, Mihai-Vlad"]
[Black "Ghimpu, Samuel-Timotei"]
[Result "0-1"]
[ECO "A50"]
[WhiteElo "1985"]
[BlackElo "2158"]
[Annotator "NA"]
[PlyCount "52"]
[EventDate "2019.09.21"]
[EventType "team-tourn"]
[EventCountry "ROU"]
[SourceTitle "playchess.com"]
[Source "ChessBase"]
[SourceQuality "1"]
[TimeControl "40/5400+30:1800+30"]

1. d4 Nf6 2. c4 g6 3. f3 e5 4. dxe5 Nh5 5. g3 Nc6 6. f4 d6 7. exd6 Bxd6 8. e4 Qe7 9. Bg2 Be6 10. Qc2 O-O-O 11. a3 Bxf4 12. Bxf4 Nxf4 13. gxf4 Qh4+ 14. Kf1 Bxc4+ 15. Ne2 Bd3 16. Qc1 Bxe2+ 17. Kxe2 Nd4+ 18. Ke3 Nf5+ 19. exf5 Rhe8+ 20. Be4 gxf5 21. Nc3 fxe4 22. Qg1 Rd3+ 23. Ke2 Red8 24. Qc5 Rd2+ 25. Kf1 Qxf4+ 26. Ke1 e3 0-1

[Event "ROU-chT 1st League 2019"]
[Site "Mamaia"]
[Date "2019.09.27"]
[Round "7.26"]
[White "Svetushkin, Dmitry"]
[Black "Sivuk, Vitaly"]
[Result "1/2-1/2"]
[ECO "D27"]
[WhiteElo "2534"]
[BlackElo "2559"]
[Annotator "ChessBase"]
[PlyCount "20"]
[EventDate "2019.09.21"]
[EventType "team-tourn"]
[EventCountry "ROU"]
[SourceTitle "playchess.com"]
[Source "ChessBase"]
[SourceQuality "1"]
[TimeControl "40/5400+30:1800+30"]

1. d4 Nf6 2. c4 e6 3. Nf3 d5 4. e3 dxc4 5. Bxc4 c5 6. O-O a6 7. a4 Nc6 8. Nc3 Be7 9. Qe2 cxd4 10. exd4 O-O 1/2-1/2

[Event "ROU-chT 1st League 2019"]
[Site "Mamaia"]
[Date "2019.09.27"]
[Round "7.27"]
[White "Georgescu, Tiberiu-Marian"]
[Black "Iordachescu, Viorel"]
[Result "1/2-1/2"]
[ECO "D62"]
[WhiteElo "2508"]
[BlackElo "2602"]
[Annotator "ChessBase"]
[PlyCount "26"]
[EventDate "2019.09.21"]
[EventType "team-tourn"]
[EventCountry "ROU"]
[SourceTitle "playchess.com"]
[Source "ChessBase"]
[SourceQuality "1"]
[TimeControl "40/5400+30:1800+30"]

1. d4 Nf6 2. Nf3 e6 3. c4 d5 4. Nc3 Be7 5. Bg5 O-O 6. e3 Nbd7 7. Qc2 c5 8. cxd5 cxd4 9. Nxd4 Nxd5 10. Bxe7 Nxe7 11. Be2 Nf6 12. O-O Bd7 13. Rfd1 Qb6 1/2-1/2

[Event "ROU-chT 1st League 2019"]
[Site "Mamaia"]
[Date "2019.09.27"]
[Round "7.28"]
[White "Nevednichy, Vladislav"]
[Black "David, Alexandru-Vasile"]
[Result "1/2-1/2"]
[ECO "B31"]
[WhiteElo "2522"]
[BlackElo "2424"]
[Annotator "ChessBase"]
[PlyCount "23"]
[EventDate "2019.09.21"]
[EventType "team-tourn"]
[EventCountry "ROU"]
[SourceTitle "playchess.com"]
[Source "ChessBase"]
[SourceQuality "1"]
[TimeControl "40/5400+30:1800+30"]

1. e4 c5 2. Nf3 Nc6 3. Bb5 g6 4. Bxc6 dxc6 5. d3 Bg7 6. Nc3 Bg4 7. h3 Bxf3 8. Qxf3 Nf6 9. Be3 Nd7 10. O-O e5 11. a4 O-O 12. Qd1 1/2-1/2

[Event "ROU-chT 1st League 2019"]
[Site "Mamaia"]
[Date "2019.09.27"]
[Round "7.30"]
[White "Ungureanu, Vlad"]
[Black "Petrisor, Adrian-Marian"]
[Result "1/2-1/2"]
[ECO "E54"]
[WhiteElo "2284"]
[BlackElo "2411"]
[Annotator "NA"]
[PlyCount "20"]
[EventDate "2019.09.21"]
[EventType "team-tourn"]
[EventCountry "ROU"]
[SourceTitle "playchess.com"]
[Source "ChessBase"]
[SourceQuality "1"]
[TimeControl "40/5400+30:1800+30"]

1. d4 Nf6 2. c4 e6 3. Nc3 Bb4 4. e3 O-O 5. Bd3 d5 6. Nf3 dxc4 7. Bxc4 c5 8. O-O cxd4 9. exd4 Nc6 10. Bg5 Be7 1/2-1/2

[Event "ROU-chT 1st League 2019"]
[Site "Mamaia"]
[Date "2019.09.28"]
[Round "8.1"]
[White "Kuzubov, Yuriy"]
[Black "Parligras, Mircea-Emilian"]
[Result "1-0"]
[ECO "E10"]
[WhiteElo "2636"]
[BlackElo "2629"]
[Annotator "ChessBase"]
[PlyCount "107"]
[EventDate "2019.09.21"]
[EventType "team-tourn"]
[EventCountry "ROU"]
[SourceTitle "playchess.com"]
[Source "ChessBase"]
[SourceQuality "1"]
[TimeControl "40/5400+30:1800+30"]

1. d4 Nf6 2. c4 e6 3. Nf3 d5 4. g3 Bb4+ 5. Bd2 Bd6 6. Nc3 O-O 7. Bg5 Be7 8. Bg2 h6 9. Bxf6 Bxf6 10. e4 dxc4 11. e5 Be7 12. Qe2 Bd7 13. Qxc4 Bc6 14. O-O Nd7 15. Rad1 Nb6 16. Qe2 a5 17. Ne1 Nd5 18. Bxd5 Bxd5 19. Nc2 c6 20. Ne3 a4 21. f4 f5 22. g4 g6 23. Ncxd5 cxd5 24. Kh1 Kh7 25. Rg1 Rg8 26. Rg3 Qe8 27. gxf5 gxf5 28. Rdg1 Qf7 29. a3 Bh4 30. Rxg8 Rxg8 31. Rxg8 Qxg8 32. Ng2 Be7 33. Qc2 Qg4 34. Qd3 Kg7 35. Kg1 Kf7 36. Kf1 b5 37. h3 Qh5 38. Kf2 b4 39. axb4 Bxb4 40. Kg3 Be7 41. Kh2 Bf8 42. Qc2 Qf3 43. Qxa4 Qf2 44. b3 Be7 45. Qa1 Qc2 46. Qa8 Qxb3 47. Qh8 Qd1 48. Qxh6 Qxd4 49. h4 Qd1 50. Qh7+ Ke8 51. Qg8+ Kd7 52. Qf7 Qg4 53. h5 Kd8 54. h6 1-0

[Event "ROU-chT 1st League 2019"]
[Site "Mamaia"]
[Date "2019.09.28"]
[Round "8.2"]
[White "Deac, Bogdan-Daniel"]
[Black "Baklan, Vladimir"]
[Result "1/2-1/2"]
[ECO "A05"]
[WhiteElo "2613"]
[BlackElo "2604"]
[Annotator "ChessBase"]
[PlyCount "51"]
[EventDate "2019.09.21"]
[EventType "team-tourn"]
[EventCountry "ROU"]
[SourceTitle "playchess.com"]
[Source "ChessBase"]
[SourceQuality "1"]
[TimeControl "40/5400+30:1800+30"]

1. Nf3 Nf6 2. c4 b6 3. g3 Bb7 4. Bg2 g6 5. d4 Bg7 6. O-O O-O 7. Qc2 Be4 8. Qa4 Bb7 9. Bg5 c5 10. Nc3 Ne4 11. Nxe4 Bxe4 12. Rad1 cxd4 13. Nxd4 Bxg2 14. Kxg2 h6 15. Be3 Qc8 16. Qb5 Nc6 17. Nxc6 dxc6 18. Qa4 b5 19. cxb5 cxb5 20. Qxb5 Rb8 21. Qa4 Rxb2 22. Qxa7 Qa8+ 23. Qxa8 Rxa8 24. Rd7 Rxe2 25. Rxe7 Bd4 26. a4 1/2-1/2

[Event "ROU-chT 1st League 2019"]
[Site "Mamaia"]
[Date "2019.09.28"]
[Round "8.3"]
[White "Rogozenco, Dorian"]
[Black "Svetushkin, Dmitry"]
[Result "1/2-1/2"]
[ECO "D11"]
[WhiteElo "2491"]
[BlackElo "2534"]
[Annotator "ChessBase"]
[PlyCount "96"]
[EventDate "2019.09.21"]
[EventType "team-tourn"]
[EventCountry "ROU"]
[SourceTitle "playchess.com"]
[Source "ChessBase"]
[SourceQuality "1"]
[TimeControl "40/5400+30:1800+30"]

1. d4 d5 2. c4 c6 3. Nf3 Nf6 4. Qc2 dxc4 5. Qxc4 Bf5 6. g3 e6 7. Bg2 Be7 8. O-O O-O 9. e3 Nbd7 10. Qe2 Qc7 11. Nc3 e5 12. dxe5 Nxe5 13. Nxe5 Qxe5 14. e4 Bg4 15. f3 Be6 16. Be3 Bc5 17. Bxc5 Qxc5+ 18. Qf2 Qa5 19. h3 Nd7 20. f4 f6 21. Rfd1 Rfd8 22. Rd6 Nf8 23. Rad1 Rxd6 24. Rxd6 Qb6 25. Qxb6 axb6 26. a3 Kf7 27. Kf2 Ke7 28. Rd4 b5 29. h4 Nd7 30. Bf3 Nb6 31. Be2 h6 32. h5 Nc4 33. Bxc4 bxc4 34. f5 Bf7 35. g4 b5 36. Ke3 c5 37. Rd1 b4 38. axb4 cxb4 39. Nd5+ Bxd5 40. exd5 c3 41. bxc3 bxc3 42. Rc1 Ra4 43. Rxc3 Rxg4 44. Rc6 Rh4 45. Rc7+ Kd6 46. Rxg7 Rxh5 47. Rg6 Rxf5 48. Rxh6 Kxd5 {Ke4+} 1/2-1/2

[Event "ROU-chT 1st League 2019"]
[Site "Mamaia"]
[Date "2019.09.28"]
[Round "8.4"]
[White "Iordachescu, Viorel"]
[Black "Manolache, Marius"]
[Result "1/2-1/2"]
[ECO "B08"]
[WhiteElo "2602"]
[BlackElo "2548"]
[Annotator "ChessBase"]
[PlyCount "206"]
[EventDate "2019.09.21"]
[EventType "team-tourn"]
[EventCountry "ROU"]
[SourceTitle "playchess.com"]
[Source "ChessBase"]
[SourceQuality "1"]
[TimeControl "40/5400+30:1800+30"]

1. e4 d6 2. d4 Nf6 3. Nc3 g6 4. Nf3 Bg7 5. Be2 O-O 6. O-O a6 7. Re1 Nc6 8. d5 Ne5 9. Nxe5 dxe5 10. a4 e6 11. Bc4 exd5 12. Nxd5 Nxd5 13. Bxd5 Qe7 14. Be3 Rb8 15. Qd2 Rd8 16. Qc3 Bf8 17. Rad1 c6 18. Bb3 Bg4 19. f3 Rxd1 20. Rxd1 Bd7 21. Qa5 Be8 22. Bb6 Rc8 23. Qd2 Qf6 24. a5 Be7 25. Bc4 Kg7 26. Qc3 Kg8 27. Rd3 h5 28. Qd2 Kg7 29. g3 h4 30. Kg2 hxg3 31. hxg3 c5 32. Qe3 Bd6 33. Bd5 c4 34. Rd1 Bc6 35. Bxc4 Ba4 36. b3 Bb5 37. Bxb5 axb5 38. c3 Bf8 39. Rd5 Qe6 40. Rxb5 Bd6 41. Rd5 Rh8 42. g4 Qe7 43. Qf2 Bb8 44. b4 Qe8 45. Rd1 Qc6 46. Qe3 Qa4 47. Qd2 Qc6 48. Rh1 Rxh1 49. Kxh1 Bc7 50. Bf2 b6 51. a6 Qc4 52. a7 Qa6 53. Kg2 Qxa7 54. Qd7 Qb8 55. b5 Bd8 56. Qc6 Bc7 57. c4 Qd8 58. Qd5 Qe8 59. Be3 Kg8 60. Bf2 Kg7 61. Bh4 Qb8 62. Qd7 Bd6 63. Qd8 Qxd8 64. Bxd8 Bc5 65. g5 Kf8 66. Bc7 Bd4 67. f4 exf4 68. Kf3 Ke7 69. Bxf4 Ke6 70. Bc7 Bc5 71. Bf4 Be7 72. Be3 Bd8 73. Bd4 Bc7 74. Bf6 Bd6 75. Ke3 Bc7 76. Kd3 Bd6 77. Bd4 Bc7 78. Kc2 Bd8 79. Kd3 Bc7 80. c5 bxc5 81. Bxc5 f6 82. b6 Bb8 83. gxf6 Kxf6 84. Be3 g5 85. Kd4 g4 86. Kd5 g3 87. Bd4+ Ke7 88. e5 g2 89. Bc5+ Kf7 90. b7 Ke8 91. e6 Kd8 92. Ke4 Ke8 93. Kf5 Kd8 94. Kg6 Ke8 95. Kf6 Bc7 96. Ba7 Kf8 97. Kf5 Ke7 98. Bc5+ Ke8 99. Ke4 Bb8 100. Kf3 g1=Q 101. Bxg1 Ke7 102. Ke4 Kxe6 103. Bb6 Kd6 1/2-1/2

[Event "ROU-chT 1st League 2019"]
[Site "Mamaia"]
[Date "2019.09.28"]
[Round "8.5"]
[White "Anton, Teodor"]
[Black "Nevednichy, Vladislav"]
[Result "1-0"]
[ECO "D52"]
[WhiteElo "2445"]
[BlackElo "2522"]
[Annotator "ChessBase"]
[PlyCount "129"]
[EventDate "2019.09.21"]
[EventType "team-tourn"]
[EventCountry "ROU"]
[SourceTitle "playchess.com"]
[Source "ChessBase"]
[SourceQuality "1"]
[TimeControl "40/5400+30:1800+30"]

1. d4 Nf6 2. c4 e6 3. Nc3 d5 4. Bg5 Nbd7 5. e3 c6 6. Nf3 Qa5 7. Nd2 Bb4 8. Qc2 O-O 9. Be2 c5 10. Nb3 Bxc3+ 11. bxc3 Qa4 12. cxd5 exd5 13. Bxf6 Nxf6 14. dxc5 Be6 15. O-O Rfc8 16. Rfd1 a5 17. Qb2 Qe8 18. Rac1 a4 19. Nd4 Rxc5 20. Qxb7 Bd7 21. Qb4 Rac8 22. Rc2 Qf8 23. Rdc1 Rb8 24. Qa3 h6 25. h3 Rc7 26. Qxf8+ Kxf8 27. Bd3 Ke7 28. Kf1 Ne8 29. c4 dxc4 30. Rxc4 Rxc4 31. Rxc4 Rb2 32. Rc2 Rb1+ 33. Ke2 Rg1 34. Kf3 Nd6 35. e4 f6 36. h4 g5 37. hxg5 hxg5 38. Ne2 Ra1 39. Ke3 Nf7 40. Nd4 Ne5 41. Be2 Rg1 42. g3 Kd6 43. Nb5+ Ke7 44. Na3 Be6 45. Kd4 g4 46. Nc4 Nc6+ 47. Kc5 Ne5 48. Nxe5 fxe5 49. Kb4 Ra1 50. Ka3 Kd6 51. Bb5 Re1 52. Kxa4 Rxe4+ 53. Ka5 Re1 54. Kb6 e4 55. a4 e3 56. fxe3 Rxe3 57. Rd2+ Ke5 58. Re2 Rxe2 59. Bxe2 Ke4 60. a5 Ke3 61. Bb5 Kf2 62. a6 Bd5 63. Bc6 Bxc6 64. Kxc6 Kxg3 65. a7 1-0

[Event "ROU-chT 1st League 2019"]
[Site "Mamaia"]
[Date "2019.09.28"]
[Round "8.6"]
[White "Costachi, Mihnea"]
[Black "Banzea, Alexandru-Bogdan"]
[Result "1/2-1/2"]
[ECO "D37"]
[WhiteElo "2463"]
[BlackElo "2401"]
[Annotator "ChessBase"]
[PlyCount "60"]
[EventDate "2019.09.21"]
[EventType "team-tourn"]
[EventCountry "ROU"]
[SourceTitle "playchess.com"]
[Source "ChessBase"]
[SourceQuality "1"]
[TimeControl "40/5400+30:1800+30"]

1. Nf3 Nf6 2. d4 d5 3. c4 e6 4. Nc3 Be7 5. Bf4 O-O 6. e3 Nbd7 7. c5 c6 8. Bd3 b6 9. b4 a5 10. a3 Ba6 11. O-O Qc8 12. h3 Qb7 13. Qc2 Bxd3 14. Qxd3 axb4 15. axb4 Rxa1 16. Rxa1 Ra8 17. Qb1 Ra6 18. Rxa6 Qxa6 19. b5 Qb7 20. bxc6 Qxc6 21. cxb6 Qxb6 22. Qxb6 Nxb6 23. Ne5 Kf8 24. Kf1 Ke8 25. Ke2 h6 26. g4 Nfd7 27. Nd3 Nf6 28. Ne5 Nfd7 29. Nd3 Nf6 30. Ne5 Nfd7 1/2-1/2

[Event "ROU-chT 1st League 2019"]
[Site "Mamaia"]
[Date "2019.09.28"]
[Round "8.7"]
[White "Macovei, Andrei"]
[Black "Zubov, Alexander"]
[Result "1/2-1/2"]
[ECO "B06"]
[WhiteElo "2426"]
[BlackElo "2612"]
[Annotator "ChessBase"]
[PlyCount "38"]
[EventDate "2019.09.21"]
[EventType "team-tourn"]
[EventCountry "ROU"]
[SourceTitle "playchess.com"]
[Source "ChessBase"]
[SourceQuality "1"]
[TimeControl "40/5400+30:1800+30"]

1. e4 g6 2. d4 Bg7 3. Nf3 d6 4. c3 Nf6 5. Bd3 O-O 6. O-O Nc6 7. h3 e5 8. Re1 h6 9. Be3 exd4 10. cxd4 Nb4 11. Nc3 Nxd3 12. Qxd3 Re8 13. d5 Bd7 14. Rad1 Qe7 15. Bd4 c5 16. dxc6 Bxc6 17. Nh2 a6 18. Ng4 Nxg4 19. hxg4 Be5 1/2-1/2

[Event "ROU-chT 1st League 2019"]
[Site "Mamaia"]
[Date "2019.09.28"]
[Round "8.8"]
[White "Sivuk, Vitaly"]
[Black "Schitco, Ivan"]
[Result "1/2-1/2"]
[ECO "D35"]
[WhiteElo "2559"]
[BlackElo "2492"]
[Annotator "ChessBase"]
[PlyCount "98"]
[EventDate "2019.09.21"]
[EventType "team-tourn"]
[EventCountry "ROU"]
[SourceTitle "playchess.com"]
[Source "ChessBase"]
[SourceQuality "1"]
[TimeControl "40/5400+30:1800+30"]

1. d4 Nf6 2. c4 e6 3. Nc3 d5 4. cxd5 exd5 5. Bg5 c6 6. e3 Nbd7 7. Bd3 Be7 8. Nge2 h6 9. Bh4 Nh5 10. Bxe7 Qxe7 11. O-O O-O 12. Qd2 Nb6 13. Rae1 Bd7 14. Nc1 Rae8 15. Nb3 Bc8 16. a3 Qd8 17. Nc5 Nf6 18. f3 Nfd7 19. b4 f5 20. Ne2 Nc4 21. Bxc4 dxc4 22. Qc3 b5 23. Nxd7 Qxd7 24. Qd2 Qd6 25. Nc3 a5 26. Qb2 f4 27. Ne4 Qd8 28. bxa5 fxe3 29. Qc3 Re7 30. Rxe3 Ra7 31. Rfe1 Qxa5 32. Qxa5 Rxa5 33. Nd6 Bf5 34. d5 cxd5 35. Re5 Bg6 36. Rxd5 c3 37. Rc1 c2 38. Ne4 Rc8 39. Rd2 Rxa3 40. Rdxc2 Rxc2 41. Rxc2 b4 42. Rc8+ Kh7 43. Rb8 b3 44. Rb7 Bf5 45. h4 Bc8 46. Rb6 Bf5 47. Kh2 Bxe4 48. fxe4 Ra4 49. Rxb3 Rxe4 1/2-1/2